 Dungeon Crawl Stone Soup version 0.17-a0-1946-gfb768fe (console) character file.

65 lauthentik the Sneak (level 3, -1/24 HPs)
             Began as a Vampire Enchanter on Oct 1, 2015.
             Slain by a shadow imp (6 damage)
             ... summoned by Natasha
             ... on level 2 of the Dungeon.
             The game lasted 00:05:02 (925 turns).

lauthentik the Sneak (Vampire Enchanter)             Turns: 925, Time: 00:05:02

Health: -1/24      AC:  8    Str:  7    XL:     3   Next: 92%
Magic:  6/6        EV: 13    Int: 18    God:
Gold:   81         SH:  0    Dex: 14    Spells: 2 memorised, 3 levels left

rFire  . . .     SeeInvis +     i - +1 dagger (protect)
rCold  + . .     Clarity  .     b - +1 robe
rNeg   + + .     SustAt   .     (no shield)
rPois  +         Gourm    .     (no helmet)
rElec  .         Spirit   .     (no cloak)
rCorr  .         Warding  .     (no gloves)
rMut   .         Stasis   .     (no boots)
MR     .....                    (no amulet)
Stlth  ++++......               (no ring)
                                (no ring)

@: regenerating slowly, slowed, very slow, not resistant to hostile
enchantments, stealthy
A: fangs 3, see invisible, unbreathing
a: Bat Form


You were on level 2 of the Dungeon.
You were thirsty.

You visited 1 branch of the dungeon, and saw 2 of its levels.

You collected 81 gold pieces.

Inventory:

Hand weapons
 f - a +1 dagger of speed
 i - a +1 dagger of protection (weapon)
Armour
 b - a +1 robe (worn)
Scrolls
 a - a scroll of remove curse {unknown}
 e - a scroll of blinking {unknown}
 h - a scroll of magic mapping {unknown}
 j - 2 scrolls of recharging {unknown}
 k - a scroll of fog {unknown}
 l - a scroll of enchant weapon {unknown}
Potions
 d - a potion of blood
 g - 2 potions of ambrosia {unknown}
 m - a potion of degeneration {unknown}
Books
 c - a book of Maledictions

   Spells                             Type                      Level
   a - Corona                         Hexes                        1
   b - Ensorcelled Hibernation        Hexes/Ice                    2
   c - Confuse                        Hexes                        3
   d - Tukima's Dance                 Hexes                        3
   e - Dazzling Spray                 Conjuration/Hexes            3


   Skills:
 + Level 1.1 Short Blades
 + Level 2.9 Dodging
 + Level 5.7 Stealth
 + Level 2.2 Spellcasting
 + Level 5.2 Hexes
 + Level 0.4 Ice Magic


You had 3 spell levels left.
You knew the following spells:

 Your Spells              Type           Power        Failure   Level  Hunger
a - Ensorcelled Hibernat  Hex/Ice        ##....       12%         2    ##.....
b - Corona                Hex            ###....      1%          1    #......


Dungeon Overview and Level Annotations

Branches:
Dungeon (2/15)

Altars:
Dithmenos

Annotations:
D:2 Natasha


Innate Abilities, Weirdness & Mutations

You heal slowly.
You have razor-sharp teeth.
You have supernaturally acute eyesight.
You can survive without breathing.


Message History

Natasha casts a spell.
The crimson imp blinks!
The iron imp hits you but does no damage.
The crimson imp blinks!
The white imp disappears in a puff of smoke!
The iron imp closely misses you.
Natasha howls an incantation.
Natasha's fingertips start to glow.
Natasha casts a spell.
Natasha mumbles some strange words.
The iron imp disappears in a puff of smoke!
The shadow imp misses you. The shadow imp barely misses you.
The crimson imp puffs mist at you.
The crimson imp blinks!
The shadow imp grinds its teeth.
The shadow imp closely misses you.
Natasha casts a spell.
The shadow imp hits you.
You die...

#............
#.########### #.#
#.# #.# #.#
#.########
#........#
#@.......#
#5.......#
#.h......##
#...........
##########.5.....##.
#..5....h.....####
#.##########.## #.#
#.....#### # #h#
#........# .#


You could see Natasha, a crimson imp and a shadow imp.

Vanquished Creatures
  Natasha (D:2)
  A gnoll (D:1)
  6 bats
  2 giant cockroaches (D:2)
  2 hobgoblins (D:1)
  4 jackals (D:1)
  3 kobolds (D:1)
  A giant newt (D:1)
  7 goblins
  A rat (D:2)
28 creatures vanquished.

Notes
Turn   | Place    | Note
--------------------------------------------------------------
     0 | D:1      | lauthentik the Vampire Enchanter began the quest for the Orb.
     0 | D:1      | Reached XP level 1. HP: 13/13 MP: 3/3
   290 | D:1      | Reached XP level 2. HP: 13/19 MP: 3/5
   349 | D:1      | Learned a level 2 spell: Ensorcelled Hibernation
   463 | D:1      | Reached skill level 5 in Stealth
   566 | D:1      | Reached XP level 3. HP: 24/24 MP: 1/6
   763 | D:2      | Reached skill level 5 in Hexes
   802 | D:2      | Noticed Natasha
   860 | D:2      | Found a shadowy altar of Dithmenos.
   872 | D:2      | Killed Natasha
   873 | D:2      | Noticed Natasha
   925 | D:2      | Slain by a shadow imp

Vault maps used:
D:1:      dpeg_arrival_rooms_c
D:2:      nicolae_dithmenos_shadow_blocks, uniq_natasha

Action                   || total
-------------------------++-------
Melee: Dagger            ||    85
 Cast: Corona            ||     9
       Ensorcelled Hiber ||    16
 Stab: Sleeping          ||    16
